Map: Zen LE

Players

Ryu

  • Race: Zerg Zerg
  • Spawn Location: 1:00

MarineLorD - Winner!

  • Race: Terran Terran
  • League: Master
  • Spawn Location: 7:00

Event: NationWars 2019

VOD

Have the link to the VOD?

Description

Time

  • Played on: Dec. 8, 2019, 11:43 a.m.
  • Length: 21:04
Show
View Real Time Build Order
Export as new Build Order

Ryu Zerg 

Build Orders: Hatch First, Swarm Host 

Get SALT Encoding   

  12  0:01  Drone  
  13  0:12  Overlord  
  13  0:17  Drone  
  14  0:31  Drone x2  
  17  0:35  Drone  
  17  0:53  Hatchery  
  17  0:56  Drone  
  17  0:59  Drone  
  17  1:02  Extractor  
  17  1:14  Spawning Pool  
  16  1:19  Drone  
  16  1:22  Drone  
  18  1:29  Drone  
  19  1:40  Drone  
  20  1:50  Overlord  
  20  2:05  Queen x2  
  26  2:08  Zergling x4  
  26  2:14  Drone  
  27  2:17  Drone  
  28  2:25  Spore Crawler  
  28  2:28  Drone  
  28  2:33  Zergling x2  
  28  2:37  Drone  
  29  2:38  Metabolic Boost  
  29  2:40  Queen  
  32  2:49  Overlord  
  34  2:52  Drone  
  33  3:00  Hatchery  
  33  3:02  Zergling x2  
  33  3:05  Drone x2  
  35  3:09  Drone  
  36  3:16  Drone x3  
  36  3:17  Drone  
  40  3:23  Queen  
  42  3:28  Drone x2  
  44  3:38  Overlord  
  44  3:41  Overlord  
  44  3:48  Roach Warren, Drone  
  43  3:53  Overlord  
  44  3:56  Queen  
  44  3:57  Drone x3  
  44  4:01  Zergling x2  
  44  4:02  Zergling x2  
  51  4:03  Drone x2  
  51  4:19  Queen  
  51  4:22  Drone x2  
  53  4:28  Drone  
  53  4:29  Roach x4  
  62  4:34  Queen x2  
  62  4:38  Overlord  
  66  4:41  Drone x2  
  66  4:42  Drone x2  
  69  4:48  Roach x2  
  73  4:53  Overlord  
  73  4:57  Extractor  
  72  5:01  Drone x3  
  72  5:03  Drone  
  76  5:08  Lair  
  76  5:10  Drone x2  
  76  5:11  Drone x3  
  81  5:16  Drone x3  
  81  5:17  Spore Crawler  
  81  5:19  Spore Crawler  
  81  5:20  Spore Crawler  
  81  5:22  Drone x3  
  81  5:27  Overlord x2  
  84  5:30  Extractor  
  84  5:31  Extractor  
  84  5:33  Roach x2  
  86  5:36  Queen  
  88  5:47  Drone x3  
  88  5:48  Drone x3  
  92  5:51  Roach x2  
  92  5:54  Drone x2  
  98  5:57  Drone  
  100  6:04  Drone x2  
  100  6:06  Queen  
  100  6:07  Queen  
  103  6:16  Zergling x4, Drone x3  
  103  6:17  Zergling x4  
  99  6:25  Drone x2  
  99  6:26  Drone  
  99  6:29  Spire  
  99  6:32  Drone x3  
  97  6:38  Drone x2  
  97  6:39  Drone  
  86  6:44  Extractor  
  85  6:55  Drone x5  
  85  6:59  Hatchery  
  85  7:00  Glial Reconstitution  
  89  7:05  Infestation Pit  
  89  7:06  Roach x2, Evolution Chamber  
  89  7:15  Extractor  
  83  7:16  Drone x5  
  83  7:19  Drone  
  83  7:20  Drone x5  
  94  7:29  Drone x3  
  97  7:43  Overlord  
  97  7:44  Overlord x3  
  97  7:48  Zerg Flyer Armor Level 1  
  97  7:49  Zerg Missile Weapons Level 1  
  97  7:56  Overlord  
  97  7:57  Overlord  
  97  8:00  Extractor  
  97  8:02  Extractor, Corruptor x5  
  105  8:06  Overlord x2  
  105  8:08  Corruptor  
  105  8:12  Corruptor, Overseer  
  107  8:18  Drone x5  
  114  8:20  Drone  
  114  8:25  Swarm Host  
  114  8:26  Swarm Host x2  
  124  8:30  Drone x4  
  127  8:37  Corruptor x2  
  127  8:39  Swarm Host x2  
  135  8:43  Drone  
  135  8:44  Spore Crawler  
  135  8:48  Overlord x2  
  135  8:52  Swarm Host x2  
  141  8:58  Swarm Host x3  
  150  9:10  Roach x6  
  162  9:20  Roach x2  
  162  9:21  Roach  
  167  9:24  Drone  
  167  9:30  Overlord x3  
  167  9:36  Hatchery  
  164  9:46  Zerg Flyer Weapons Level 1  
  164  9:48  Roach x4  
  164  9:51  Roach x5  
  178  9:54  Zerg Missile Weapons Level 2  
  178  9:56  Swarm Host x4  
  178  9:58  Corruptor  
  186  10:07  Corruptor x3  
  186  10:13  Swarm Host  
  186  10:22  Ravager x2  
  185  10:37  Ravager x4  
  185  10:39  Hatchery  
  185  10:49  Hive  
  175  10:55  Spine Crawler, Unknown  
  175  10:56  Spine Crawler  
  172  10:57  Spine Crawler  
  172  10:59  Drone x3  
  186  11:16  Roach x6  
  184  11:21  Roach  
  184  11:22  Roach x3  
  184  11:23  Evolution Chamber  
  183  11:26  Roach x2  
  183  11:27  Roach x2  
  183  11:30  Roach x4  
  194  11:34  Roach  
  198  11:40  Roach x2  
  198  11:43  Zerg Flyer Weapons Level 2  
  198  11:51  Zerg Ground Armor Level 1  
  198  11:58  Roach  
  191  12:11  Corruptor x3  
  191  12:13  Zerg Missile Weapons Level 3  
  191  12:15  Drone x4  
  193  12:30  Burrow  
  191  12:40  Drone  
  191  12:41  Drone  
  191  12:44  Extractor  
  192  12:47  Ravager x5  
  192  12:50  Overseer  
  192  12:51  Nydus Network  
  196  12:52  Overseer  
  196  12:58  Extractor  
  196  12:59  Spine Crawler x2, Drone x4  
  196  13:00  Drone x2  
  199  13:06  Pathogen Glands  
  199  13:12  Spore Crawler  
  198  13:18  Spore Crawler  
  195  13:34  Infestor x5  
  193  13:43  Drone x7  
  193  13:48  Overlord x3  
  200  13:59  Overlord x2  
  196  14:03  Neural Parasite  
  196  14:04  Corruptor x6  
  198  14:10  Ravager x3  
  188  14:18  Roach x5  
  188  14:20  Ravager x5  
  179  14:31  Corruptor x4  
  179  14:32  Corruptor x4  
  191  14:44  Roach x5  
  195  14:46  Corruptor x2  
  190  14:56  Roach x4  
  190  14:57  Roach x2  
  178  15:15  Drone  
  178  15:16  Drone x4  
  178  15:17  Drone  
  184  15:41  Roach x6  
  184  15:42  Roach x2  
  177  15:48  Roach x5  
  174  15:59  Infestor x3  
  180  16:06  Hatchery  
  180  16:10  Infestor x5  
  179  16:19  Roach x4  
  187  16:26  Drone x3  
  187  16:28  Zerg Flyer Weapons Level 3  
  173  16:34  Ravager x4  
  173  16:36  Drone  
  173  16:37  Drone x4  
  182  16:40  Hatchery  
  182  16:46  Roach x10  
  181  17:00  Roach x2  
  181  17:01  Roach x2  
  189  17:05  Hatchery  
  189  17:07  Roach  
  189  17:08  Roach x4  
  200  17:15  Roach  
  196  17:40  Infestor x5  
  196  17:51  Roach x5, Infestor x3  
  194  17:55  Extractor  
  194  17:56  Extractor, Drone x3  
  195  18:06  Overseer  
  189  18:36  Spire  
  188  18:43  Ravager x4  
  188  18:46  Ravager  
  191  18:56  Infestor x3  
  191  18:58  Queen x2  
  187  19:08  Greater Spire  
  187  19:16  Ravager x4  
  190  19:17  Roach x4  
  190  19:18  Roach  
  200  19:25  Extractor  
  200  19:26  Extractor  
  175  19:38  Pneumatized Carapace  
  154  19:49  Infestor  
  154  19:50  Infestor  
  154  19:51  Infestor x2  
  124  20:21  Brood Lord x7  
  132  20:22  Brood Lord  
  132  20:27  Queen  
Show
View Real Time Build Order
Export as new Build Order

MarineLorD Terran - Winner!

Build Orders: Hellion Opening, Reaper Expand, Mech 

Get SALT Encoding   

  12  0:00  SCV  
  13  0:12  SCV  
  14  0:17  Supply Depot  
  14  0:24  SCV  
  15  0:38  SCV  
  15  0:40  Barracks  
  16  0:44  Refinery  
  16  0:50  SCV  
  17  1:02  SCV  
  18  1:14  SCV  
  19  1:27  Orbital Command, Reaper  
  20  1:40  Command Center  
  20  1:50  Supply Depot  
  20  1:52  SCV  
  21  1:59  Marine  
  22  2:05  SCV  
  23  2:13  Refinery, Factory  
  23  2:17  SCV  
  23  2:20  Barracks Reactor  
  24  2:29  SCV  
  25  2:41  SCV  
  26  2:52  Orbital Command  
  26  2:53  SCV  
  27  2:59  Starport  
  27  3:03  Hellion x2  
  27  3:04  Marine  
  27  3:05  SCV  
  33  3:17  SCV, Supply Depot  
  33  3:18  SCV  
  35  3:27  Hellion x2  
  35  3:29  SCV  
  35  3:30  SCV  
  41  3:38  Starport Tech Lab  
  41  3:41  SCV  
  41  3:42  Fusion Core, SCV  
  43  3:48  Supply Depot  
  43  3:49  Hellion  
  43  3:52  Hellion  
  43  3:53  SCV  
  43  3:55  SCV  
  49  4:05  SCV  
  49  4:07  SCV  
  51  4:13  Hellion x2  
  55  4:18  SCV  
  55  4:19  SCV  
  57  4:28  Command Center  
  57  4:30  SCV  
  57  4:31  SCV  
  58  4:36  Supply Depot  
  58  4:42  SCV  
  58  4:43  SCV  
  60  4:48  Supply Depot  
  60  4:54  SCV  
  60  4:55  SCV  
  60  4:57  Battlecruiser  
  68  5:02  Refinery  
  68  5:03  Refinery, Supply Depot  
  68  5:06  SCV  
  69  5:07  SCV  
  68  5:16  Hellion x2  
  68  5:18  SCV  
  68  5:19  SCV  
  74  5:29  Factory  
  74  5:30  SCV  
  74  5:31  SCV, Factory  
  76  5:37  Hellion x2  
  76  5:40  Orbital Command  
  76  5:42  SCV  
  81  5:43  SCV  
  82  5:54  SCV  
  82  5:55  SCV  
  82  5:59  Refinery x2  
  82  6:02  Hellion x2  
  86  6:06  SCV x2  
  86  6:08  SCV  
  87  6:15  Hellion x2  
  87  6:18  SCV  
  91  6:19  SCV  
  91  6:20  SCV  
  89  6:26  Hellion  
  89  6:31  SCV  
  89  6:32  SCV  
  67  6:40  Orbital Command  
  67  6:41  Factory Tech Lab  
  67  6:43  SCV, Factory Tech Lab  
  67  6:44  SCV  
  68  6:48  Battlecruiser  
  74  6:55  SCV  
  74  6:56  SCV  
  76  7:04  Siege Tank x2  
  76  7:07  SCV x2  
  84  7:10  SCV  
  73  7:17  Hellion x2  
  73  7:19  SCV x2  
  73  7:21  Weapon Refit  
  79  7:23  SCV  
  79  7:27  Supply Depot, Armory  
  79  7:28  Armory  
  80  7:31  SCV x2  
  80  7:36  Siege Tank  
  85  7:41  Siege Tank  
  85  7:42  SCV  
  85  7:43  SCV x2  
  91  7:46  Supply Depot  
  91  7:49  Hellion  
  91  7:50  Hellion, Supply Depot  
  95  7:54  SCV  
  95  7:55  SCV  
  95  7:57  SCV  
  104  8:05  Battlecruiser  
  104  8:07  SCV x2  
  104  8:10  SCV  
  107  8:15  Terran Vehicle Weapons Level 1, Terran Vehicle And Ship Armor Level 1  
  107  8:16  Engineering Bay  
  107  8:19  SCV x2  
  109  8:20  Supply Depot  
  109  8:23  Supply Depot  
  109  8:27  Siege Tank x2  
  115  8:29  Hellion  
  115  8:31  SCV x2  
  115  8:33  SCV  
  120  8:43  SCV x2, Factory  
  120  8:45  SCV, Factory  
  123  8:51  Missile Turret x2  
  123  8:52  Supply Depot  
  123  9:08  Missile Turret, Command Center  
  123  9:14  Thor  
  129  9:19  Infernal Pre-Igniter  
  129  9:23  Battlecruiser  
  135  9:29  Missile Turret, Siege Tank  
  135  9:31  Factory Reactor, Factory Tech Lab  
  136  9:33  SCV x2  
  138  9:48  SCV x2  
  140  9:56  Thor  
  140  9:57  Siege Tank  
  149  10:02  Supply Depot  
  149  10:06  Hellion  
  149  10:07  SCV x2  
  149  10:08  SCV  
  149  10:09  Siege Tank  
  149  10:10  Hellion  
  149  10:12  Factory Tech Lab  
  149  10:20  SCV x3  
  150  10:28  Hellbat  
  152  10:29  Thor  
  152  10:30  Battlecruiser  
  152  10:35  Siege Tank  
  169  10:36  Hellbat  
  169  10:56  Missile Turret  
  169  10:57  Supply Depot  
  169  11:13  Thor  
  169  11:17  Thor  
  169  11:18  SCV x3  
  172  11:21  Refinery  
  173  11:29  Siege Tank x2  
  173  11:30  SCV x2  
  171  11:35  Missile Turret  
  171  11:37  Battlecruiser  
  171  11:39  Missile Turret  
  179  11:40  Hellbat  
  179  11:45  Refinery  
  179  11:50  Planetary Fortress  
  179  11:56  Supply Depot x3  
  179  11:58  Supply Depot  
  179  12:00  Supply Depot  
  178  12:02  Factory Reactor  
  178  12:08  Missile Turret  
  178  12:12  Terran Vehicle Weapons Level 2, Terran Vehicle And Ship Armor Level 2  
  178  12:18  Siege Tank, Hellbat, SCV x3  
  186  12:29  Missile Turret  
  186  12:30  SCV  
  187  12:41  Battlecruiser  
  193  12:45  Command Center  
  193  12:50  SCV x3  
  193  12:51  SCV  
  184  12:56  Siege Tank  
  186  13:01  Siege Tank x2  
  186  13:02  SCV  
  193  13:07  Sensor Tower  
  193  13:10  Missile Turret  
  193  13:12  Siege Tank  
  196  13:18  Command Center  
  196  13:22  Hellion  
  196  13:23  Hellion  
  200  13:47  Hi-Sec Auto Tracking  
  200  13:50  Refinery  
  200  13:59  Factory x2  
  200  14:01  Factory  
  198  14:17  Barracks Tech Lab  
  198  14:20  Barracks  
  198  14:21  Barracks  
  191  14:34  Hellbat x3  
  189  14:55  Siege Tank x3  
  189  14:57  Battlecruiser  
  175  15:08  Siege Tank  
  178  15:17  Barracks Tech Lab x2  
  178  15:18  Terran Vehicle And Ship Armor Level 3, Terran Vehicle Weapons Level 3  
  178  15:19  Ghost Academy  
  178  15:20  Ghost Academy  
  178  15:22  Factory Reactor  
  178  15:23  Factory Tech Lab x2  
  178  15:27  Siege Tank  
  181  15:31  Command Center  
  181  15:32  Command Center  
  181  15:33  Command Center  
  181  15:35  Command Center  
  148  15:43  Siege Tank x4  
  148  15:44  Siege Tank  
  148  15:49  Hellion x2  
  140  16:00  Siege Tank  
  140  16:01  Ghost  
  145  16:11  Hellion x2  
  149  16:12  Refinery  
  149  16:14  Refinery  
  149  16:15  Command Center  
  149  16:16  Missile Turret, Hellion x2  
  151  16:26  Planetary Fortress  
  151  16:30  Command Center  
  151  16:31  Command Center  
  151  16:33  Ghost x3  
  157  16:44  Sensor Tower  
  157  16:45  Missile Turret  
  157  17:02  Ghost x3  
  157  17:07  Barracks  
  161  17:08  SCV  
  161  17:09  SCV x2  
  161  17:10  SCV  
  161  17:12  Sensor Tower  
  161  17:13  Starport Reactor, SCV  
  165  17:16  Thor x2  
  172  17:29  Thor  
  175  17:36  Orbital Command  
  181  17:38  Command Center  
  178  17:48  Orbital Command x2  
  178  17:50  Ghost x2  
  178  17:51  Ghost  
  182  17:53  Medivac  
  182  17:55  Medivac  
  188  18:01  Personal Cloaking  
  187  18:12  Liberator x2  
  187  18:17  Command Center  
  181  18:22  Ghost x2  
  167  18:35  Refinery  
  167  18:41  Orbital Command  
  167  18:45  Command Center  
  167  18:47  Ghost  
  169  18:50  Ghost  
  170  18:59  Nuke  
  170  19:01  Command Center  
  170  19:04  Liberator, Ghost Academy  
  170  19:05  Ghost Academy  
  170  19:06  Ghost Academy  
  170  19:12  Thor  
  170  19:15  Hellion x6  
  189  19:36  Ghost x2  
  179  19:47  Ghost  
  179  19:58  Hellbat x4  
  187  20:05  Thor, Ghost  
  192  20:09  Command Center  
  192  20:16  Nuke x2  
  192  20:18  Ghost  
  194  20:33  Ghost  
Tags
 
Add a new tag
Caveats
  • Supply blocks, unpowered buildings, or Contaminate may cause inaccurate times.
  • Supply counts are checked every 10 seconds.